 Dungeon Crawl Stone Soup version 0.21-a0-525-ga34b322 (webtiles) character file.

126 KristoblXynda the Cudgeler (level 4, -3/36 HPs)
             Began as a Draconian Gladiator on Dec 7, 2017.
             Slain by an iguana (4 damage)
             ... on level 4 of the Dungeon.
             The game lasted 00:04:41 (2924 turns).

KristoblXynda the Cudgeler (Draconian Gladiator)    Turns: 2924, Time: 00:04:41

Health: -3/36      AC:  5    Str: 17    XL:     4   Next: 84%
Magic:  4/4        EV: 13    Int:  8    God:
Gold:   112        SH:  2    Dex: 13    Spells: 3/3 levels left

rFire    . . .     SeeInvis .   a - +0 flail
rCold    . . .     Gourm    .   (no shield)
rNeg     . . .     Faith    .   (armour unavailable)
rPois    .         Spirit   .   b - +0 hat
rElec    .         Reflect  +   (no cloak)
rCorr    .         Harm     .   (no gloves)
MR       .....                  (no boots)
Stlth    +.........             g - +2 amulet of reflection
HPRegen  0.12/turn              (no ring)
MPRegen  0.09/turn              (no ring)

@: very slightly contaminated
A: unfitting armour, cold-blooded, AC +5
a: no special abilities


You were on level 4 of the Dungeon.
You were not hungry.

You visited 1 branch of the dungeon, and saw 4 of its levels.

You collected 112 gold pieces.

Inventory:

Hand Weapons
 a - a +0 flail (weapon)
Missiles
 c - 3 throwing nets (quivered)
 k - 7 javelins of penetration
Armour
 b - a +0 hat (worn)
Jewellery
 g - a +2 amulet of reflection (around neck)
Scrolls
 e - 3 scrolls of fog
 q - a scroll of amnesia
 s - a scroll of remove curse
Potions
 f - a potion of lignification
 h - a potion of agility {unknown}
 m - a potion of curing
 n - a potion of magic
 p - a potion of berserk rage
Comestibles
 d - 2 bread rations
 i - 2 fruits
 j - 2 royal jellies
 l - 2 meat rations


   Skills:
 - Level 2.1 Fighting
 + Level 4.0 Maces & Flails
 + Level 3.0 Throwing
 + Level 3.6 Dodging


You had 3 spell levels left.
You didn't know any spells.

Dungeon Overview and Level Annotations

Branches:
Dungeon (4/15)
 Temple: D:4-7

Altars:
Vehumet
The Shining One


Innate Abilities, Weirdness & Mutations

Your plain brown scales are hard. (AC +5)
You cannot fit into any form of body armour.
You are cold-blooded and may be slowed by cold attacks.


Message History

n - a potion of magic An iguana comes into view.
The iguana hisses angrily.
An iguana is nearby!
An iguana is nearby!
An iguana is nearby!
The iguana closely misses you.
You barely miss the iguana. The iguana bites you!
You hit the iguana but do no damage. The iguana bites you!
You hit the iguana.
The iguana is moderately wounded.
The iguana closely misses you.
You barely miss the iguana.
The iguana is lightly wounded.
The iguana bites you!
* * * LOW HITPOINT WARNING * * *
You hit the iguana.
The iguana is moderately wounded.
The iguana bites you.
You die...

#.....#
#.....#
#.....#
#.....#
#.....#
###.....#
#.......#
#.#.....#
#@#######
#l# ..#
..## ..#
..# ...
###


You could see an iguana.

Vanquished Creatures
  A crimson imp (D:3)
  4 adders
  An ooze (D:3)
  2 dart slugs
  A leopard gecko (D:3)
  2 orcs (D:3)
  A giant cockroach (D:2)
  4 goblins
  5 hobgoblins
  2 jackals (D:1)
  A quokka (D:3)
  4 bats
  4 frilled lizards
  9 kobolds
  8 rats
49 creatures vanquished.

Notes
Turn   | Place    | Note
-------+----------+-------------------------------------------
     0 | D:1      | KristoblXynda the Draconian Gladiator began the quest for the Orb.
     0 | D:1      | Reached XP level 1. HP: 17/17 MP: 1/1
   123 | D:1      | Reached XP level 2. HP: 4/24 MP: 2/2
  1245 | D:2      | Reached XP level 3. HP: 21/29 MP: 3/3
  1271 | D:2      | Found a radiant altar of Vehumet.
  1984 | D:3      | Reached XP level 4. HP: 36/36 MP: 4/4
  2152 | D:3      | Reached skill level 4 in Maces & Flails
  2197 | D:3      | Found a glowing golden altar of the Shining One.
  2923 | D:4      | HP: 1/36 [iguana (13)]
  2924 | D:4      | Slain by an iguana

Vault maps used:
D:1:      co_arrival_hall_of_pillars, corexii_leaking_fountain
D:2:      fiery_altar_vehumet
D:3:      kennysheep_six_static_rooms, lemuel_round_altar
D:4:      first_bread

Skill      XL: |  1  2  3  4 |
---------------+-------------+-----
Throwing       | 2 3 |  3.0
Dodging        | 3 |  3.6
Maces & Flails | 4 |  4.0
Fighting       | |  2.1

Action                   |  1- 3 |  4- 6 || total
-------------------------+-------+-------++-------
Melee: Flail             |    77 |    66 ||   143
       Tailslap          |    10 |     9 ||    19
       Hand axe          |    20 |       ||    20
  Use: Scroll            |     6 |     3 ||     9
 Stab: Sleeping          |     2 |     1 ||     3
  Eat: Chunk             |     3 |     2 ||     5
       Fruit             |       |     2 ||     2
Armor: Skin              |    25 |    12 ||    37
Dodge: Dodged            |    83 |    47 ||   130
Block: Other             |     4 |     8 ||    12
       Reflection        |       |     1 ||     1

Table legend:
 A = Spawn XP
 B = Non-spawn XP
 C = Spawn XP percentage of total XP
 D = Spawn monster count
 E = Non-spawn monster count
 F = Spawn count percentage of total count
 G = Total turns spent on level
                    A         B        C        D         E        F      G
               +---------+---------+-------+---------+---------+-------+---------
         Total |       0 |     181 |   0.0 |       0 |      49 |   0.0 |  2924
               +---------+---------+-------+---------+---------+-------+---------
           D:1 |       0 |      27 |   0.0 |       0 |      17 |   0.0 |  1230
           D:2 |       0 |      57 |   0.0 |       0 |      14 |   0.0 |   663
           D:3 |       0 |      97 |   0.0 |       0 |      18 |   0.0 |  1015
               +---------+---------+-------+---------+---------+-------+---------
